SA
SYRACUSE STORM @ PUT-IN-BAY BC
08/20/2027
 
TOP OF THE 1ST
Syracuse Storm batting - Pitching for Put-In-Bay BC : RHP José Macías
Pitching: RHP José Macías
Batting: RHB Tom Boyer 0-0: Ball
1-0: Called Strike
1-1: Called Strike
1-2: Ball
2-2: Strikes out looking
Batting: RHB Gordon Freeman 0-0: Called Strike
0-1: Ball
1-1: Ball
2-1: Ball
3-1: Base on Balls
Batting: LHB William Duffy 0-0: Ball
1-0: Fly out, F7 (Line Drive, 7)
Batting: RHB Jerry Bowen 0-0: Ball
1-0: Ball
2-0: Fly out, F8 (Line Drive, 8LM)
Top of the 1st over - 0 run(s), 0 hit(s), 0 error(s), 1 left on base; Syracuse 0 - Put-In-Bay 0
BOTTOM OF THE 1ST
Put-In-Bay BC batting - Pitching for Syracuse Storm : LHP António Muńóz
Pitching: LHP António Muńóz
Batting: SHB Júlio Pérez 0-0: Foul Ball, location: 2F
0-1: Foul Ball, location: 2F
0-2: Strikes out swinging
Batting: LHB Francisco Alfaro 0-0: Fly out, F9 (Flyball, 89S)
Batting: RHB Alan McLennan 0-0: Ball
1-0: Ball
2-0: Ball
3-0: Called Strike
3-1: Base on Balls
Batting: SHB Eugene Clutch 0-0: Called Strike
0-1: Called Strike
0-2: Strikes out swinging
Bottom of the 1st over - 0 run(s), 0 hit(s), 0 error(s), 1 left on base; Syracuse 0 - Put-In-Bay 0
TOP OF THE 2ND
Syracuse Storm batting - Pitching for Put-In-Bay BC : RHP José Macías
Batting: RHB Jim Unknown 0-0: Foul Ball, location: 2F
0-1: Ball
1-1: Ball
2-1: Swinging Strike
2-2: Ball
3-2: Foul Ball, location: 2F
3-2: Fly out, F5 (Popup, 5)
Batting: RHB Scotty Smalls 0-0: Ball
1-0: Bunted foul
1-1: Swinging Strike
1-2: Strikes out swinging
Batting: RHB Vince Staples 0-0: Called Strike
0-1: Swinging Strike
0-2: Ground out 6-3 (Groundball, 6M)
Top of the 2nd over - 0 run(s), 0 hit(s), 0 error(s), 0 left on base; Syracuse 0 - Put-In-Bay 0
BOTTOM OF THE 2ND
Put-In-Bay BC batting - Pitching for Syracuse Storm : LHP António Muńóz
Batting: RHB Edgar Balerio 0-0: Foul Ball, location: 2F
0-1: Swinging Strike
0-2: Foul Ball, location: 2F
0-2: Strikes out swinging
Batting: LHB Vicente Castaneda 0-0: Swinging Strike
0-1: Called Strike
0-2: Strikes out swinging, 2-3 out at first.
Batting: RHB Ryan French 0-0: Ball
1-0: Called Strike
1-1: Ball
2-1: Foul Ball, location: 2F
2-2: Ground out 6-3 (Groundball, 6)
Bottom of the 2nd over - 0 run(s), 0 hit(s), 0 error(s), 0 left on base; Syracuse 0 - Put-In-Bay 0
TOP OF THE 3RD
Syracuse Storm batting - Pitching for Put-In-Bay BC : RHP José Macías
Batting: RHB Tsuginori Kobayashi 0-0: Ball
1-0: Foul Ball, location: 2F
1-1: Called Strike
1-2: Ball
2-2: Ball
3-2: Foul Ball, location: 2F
3-2: Base on Balls
Batting: RHB José Colón 0-0: Foul Ball, location: 2F
0-1: Ball
1-1: Ball
2-1: SINGLE (Groundball, 34D)
Tsuginori Kobayashi to second
Runner from 2nd tries for 3rd, SAFE, throw made to third
Batting: RHB Tom Boyer 0-0: Fly out, F2 (Popup, 5S)
Batting: RHB Gordon Freeman 0-0: Ball
1-0: Fly out, F8 (Flyball, 8LS)
Batting: LHB William Duffy 0-0: Called Strike
0-1: Swinging Strike
0-2: Ball
1-2: Strikes out swinging
Top of the 3rd over - 0 run(s), 1 hit(s), 0 error(s), 2 left on base; Syracuse 0 - Put-In-Bay 0
BOTTOM OF THE 3RD
Put-In-Bay BC batting - Pitching for Syracuse Storm : LHP António Muńóz
Batting: RHB Angus Watts 0-0: Foul Ball, location: 2F
0-1: Ball
1-1: Swinging Strike
1-2: DOUBLE (Line Drive, 8LD)
Batting: RHB Oscar McMillan 0-0: Called Strike
0-1: Fly out, F6 (Line Drive, 6)
Batting: SHB Júlio Pérez 0-0: Ball
1-0: Ball
2-0: Called Strike
2-1: Ground out 4-3 (Groundball, 4)
Angus Watts to third
Batting: LHB Francisco Alfaro 0-0: Called Strike
0-1: Ball
1-1: Swinging Strike
1-2: Ball
2-2: Strikes out swinging
Bottom of the 3rd over - 0 run(s), 1 hit(s), 0 error(s), 1 left on base; Syracuse 0 - Put-In-Bay 0
TOP OF THE 4TH
Syracuse Storm batting - Pitching for Put-In-Bay BC : RHP José Macías
Batting: RHB Jerry Bowen 0-0: Ball
1-0: Ball
2-0: Called Strike
2-1: Foul Ball, location: 2F
2-2: Ball
3-2: Foul Ball, location: 2F
3-2: Foul Ball, location: 2F
3-2: Ground out 6-3 (Groundball, 6)
Batting: RHB Jim Unknown 0-0: Ball
1-0: Ball
2-0: Foul Ball, location: 2F
2-1: Ball
3-1: Base on Balls
Batting: RHB Scotty Smalls 0-0: Ball
1-0: Foul Ball, location: 2F
1-1: Ball
2-1: Called Strike
2-2: Strikes out looking
Batting: RHB Vince Staples 0-0: Ball
1-0: Ball
2-0: Ball
Jim Unknown steals 2nd base
3-0: Called Strike
3-1: Called Strike
3-2: Fly out, F9 (Flyball, 9S)
Top of the 4th over - 0 run(s), 0 hit(s), 0 error(s), 1 left on base; Syracuse 0 - Put-In-Bay 0
BOTTOM OF THE 4TH
Put-In-Bay BC batting - Pitching for Syracuse Storm : LHP António Muńóz
Batting: RHB Alan McLennan 0-0: Called Strike
0-1: Ball
1-1: Foul Ball, location: 2F
1-2: Ball
2-2: Ground out 5-3 (Groundball, 56)
Batting: SHB Eugene Clutch 0-0: SINGLE (Line Drive, 8RS)
Batting: RHB Edgar Balerio 0-0: Ball
Eugene Clutch steals 2nd base
1-0: Fly out, F8 (Flyball, 8RM)
Batting: LHB Vicente Castaneda 0-0: Foul Ball, location: 2F
0-1: Foul Ball, location: 2F
0-2: Ball
1-2: Ball
2-2: Foul Ball, location: 2F
2-2: Foul Ball, location: 2F
2-2: Foul Ball, location: 2F
2-2: Ball
3-2: Foul Ball, location: 2F
3-2: Base on Balls
Batting: RHB Ryan French 0-0: Called Strike
0-1: Ball
1-1: Foul Ball, location: 2F
1-2: Ball
2-2: SINGLE (Line Drive, 56D)
Eugene Clutch to third
Vicente Castaneda to second
Runner from 3rd tries for Home, SAFE, no throw
Batting: RHB Angus Watts 0-0: Ground out 3-1 (Groundball, 34)
Bottom of the 4th over - 1 run(s), 2 hit(s), 0 error(s), 2 left on base; Syracuse 0 - Put-In-Bay 1
TOP OF THE 5TH
Syracuse Storm batting - Pitching for Put-In-Bay BC : RHP José Macías
Batting: RHB Tsuginori Kobayashi 0-0: Ball
1-0: Ball
2-0: Ball
3-0: Base on Balls
Batting: RHB José Colón 0-0: Ball
1-0: Ball
2-0: Ball
3-0: Base on Balls
Tsuginori Kobayashi to second
Batting: RHB Tom Boyer 0-0: Hit by Pitch
Tsuginori Kobayashi to third
José Colón to second
Pinch Runner at 1st Jim Unknown:
Batting: RHB Gordon Freeman 0-0: Ball
1-0: Reached on error, E5 (Groundball, 5)
Tsuginori Kobayashi scores
José Colón to third
Jim Unknown to second
Batting: LHB William Duffy 0-0: Called Strike
0-1: Ball
1-1: Grounds into fielders choice 1-2 (Groundball, 13)
Jim Unknown to third
Gordon Freeman to second
Pitching: RHP Júlio Quintanilla
Batting: RHB Jerry Bowen 0-0: Ball
1-0: Ball
2-0: Called Strike
2-1: Ball
Wild Pitch!
Jim Unknown scores
Gordon Freeman to third
William Duffy to second
3-1: Base on Balls
Batting: RHB Jim Unknown 0-0: Foul Ball, location: 2F
0-1: Foul Ball, location: 2F
0-2: Strikes out swinging
Batting: RHB Scotty Smalls 0-0: Called Strike
0-1: Called Strike
0-2: Strikes out looking
Top of the 5th over - 2 run(s), 0 hit(s), 1 error(s), 3 left on base; Syracuse 2 - Put-In-Bay 1
BOTTOM OF THE 5TH
Put-In-Bay BC batting - Pitching for Syracuse Storm : LHP António Muńóz
Now in CF: Jim Unknown
Batting: RHB Oscar McMillan 0-0: Ball
1-0: Ground out 6-3 (Groundball, 56)
Batting: SHB Júlio Pérez 0-0: Ball
1-0: Ball
2-0: Ball
3-0: Base on Balls
Batting: LHB Francisco Alfaro 0-0: Ground out U3 (Groundball, 34)
Júlio Pérez to second
Batting: RHB Alan McLennan 0-0: Ball
1-0: Fly out, F2 (Popup, 13)
Bottom of the 5th over - 0 run(s), 0 hit(s), 0 error(s), 1 left on base; Syracuse 2 - Put-In-Bay 1
TOP OF THE 6TH
Syracuse Storm batting - Pitching for Put-In-Bay BC : RHP Júlio Quintanilla
Batting: RHB Vince Staples 0-0: Ball
1-0: Called Strike
1-1: Swinging Strike
1-2: Ball
2-2: Ball
3-2: Base on Balls
Batting: RHB Tsuginori Kobayashi 0-0: Ball
1-0: Called Strike
1-1: Bunted foul
1-2: Ball
2-2: Fly out, F3 (Popup, 34)
Batting: RHB José Colón 0-0: Fly out, F7 (Line Drive, 7S)
Batting: LHB Jim Unknown 0-0: Ball
1-0: Called Strike
1-1: TRIPLE (Flyball, 8LXD)
Vince Staples scores
Batting: RHB Gordon Freeman 0-0: Ball
1-0: Called Strike
1-1: Ball
2-1: Foul Ball, location: 2F
2-2: Foul Ball, location: 2F
2-2: Ball
3-2: Strikes out looking
Top of the 6th over - 1 run(s), 1 hit(s), 0 error(s), 1 left on base; Syracuse 3 - Put-In-Bay 1
BOTTOM OF THE 6TH
Put-In-Bay BC batting - Pitching for Syracuse Storm : LHP António Muńóz
Batting: SHB Eugene Clutch 0-0: SINGLE (Line Drive, 34)
Batting: RHB Edgar Balerio 0-0: Ball
1-0: Ball
2-0: Called Strike
2-1: SINGLE (Flyball, 8RS)
Eugene Clutch to second
Runner from 2nd tries for 3rd, SAFE, throw made to third
Batting: LHB Vicente Castaneda 0-0: Called Strike
0-1: Ball
1-1: Called Strike
1-2: Foul Ball, location: 2F
1-2: Ball
Edgar Balerio is caught stealing 2nd base
2-2: Ground out U3 (Groundball, 34)
Eugene Clutch scores
Batting: RHB Ryan French 0-0: Ball
1-0: Foul Ball, location: 2F
1-1: Ball
2-1: Foul Ball, location: 2F
2-2: Fly out, F9 (Flyball, 89M)
Bottom of the 6th over - 1 run(s), 2 hit(s), 0 error(s), 0 left on base; Syracuse 3 - Put-In-Bay 2
TOP OF THE 7TH
Syracuse Storm batting - Pitching for Put-In-Bay BC : RHP Júlio Quintanilla
Batting: LHB William Duffy 0-0: Foul Ball, location: 2F
0-1: Ball
1-1: Swinging Strike
1-2: Foul Ball, location: 2F
1-2: Ball
2-2: Foul Ball, location: 2F
2-2: Strikes out swinging
Batting: RHB Jerry Bowen 0-0: Ground out 1-3 (Groundball, P)
Batting: RHB Jim Unknown 0-0: Ball
1-0: Called Strike
1-1: Ball
2-1: Ball
3-1: SOLO HOME RUN (Flyball, 78XD), Distance : 396 ft
Batting: RHB Scotty Smalls 0-0: Ball
1-0: Foul Ball, location: 2F
1-1: SINGLE (Line Drive, 78S)
Batting: RHB Vince Staples 0-0: Called Strike
0-1: Ball
1-1: Fly out, F8 (Flyball, 78M)
Top of the 7th over - 1 run(s), 2 hit(s), 0 error(s), 1 left on base; Syracuse 4 - Put-In-Bay 2
BOTTOM OF THE 7TH
Put-In-Bay BC batting - Pitching for Syracuse Storm : LHP António Muńóz
Batting: RHB Angus Watts 0-0: Called Strike
0-1: Ground out 6-3 (Groundball, 6)
Batting: RHB Oscar McMillan 0-0: Ball
1-0: Ball
2-0: SINGLE (Groundball, 56)
Batting: SHB Júlio Pérez 0-0: Ball
1-0: Called Strike
1-1: Ball
2-1: Foul Ball, location: 2F
2-2: DOUBLE (Line Drive, 89D)
Oscar McMillan to third
Runner from 3rd tries for Home, SAFE, no throw
Pinch Hitting: RHB Francisco Moreno 0-0: Ball
1-0: Ball
2-0: Ball
3-0: Base on Balls
Batting: RHB Alan McLennan 0-0: Ball
1-0: Ball
2-0: Hit by Pitch
Júlio Pérez to third
Francisco Moreno to second
Batting: SHB Eugene Clutch 0-0: Ball
1-0: Ball
2-0: Foul Ball, location: 2F
2-1: Foul Ball, location: 2F
2-2: SINGLE (Groundball, 3L) (infield hit)
Júlio Pérez scores
Francisco Moreno to third
Alan McLennan to second
Pitching: RHP Raúl Díaz
Batting: RHB Edgar Balerio 0-0: Ball
1-0: SINGLE (Groundball, 4D)
Francisco Moreno scores
Alan McLennan to third
Eugene Clutch to second
Runner from 3rd tries for Home, SAFE, no throw
Batting: LHB Vicente Castaneda 0-0: Ball
1-0: Ball
2-0: Ball
3-0: Called Strike
3-1: Base on Balls
Eugene Clutch to third
Edgar Balerio to second
Batting: RHB Ryan French 0-0: Called Strike
0-1: Fly out, F9 (Flyball, 9LM)
Runner from 3rd tags up, SCORES, no throw
Batting: RHB Angus Watts 0-0: Ball
1-0: Foul Ball, location: 2F
1-1: Ball
2-1: Ball
3-1: Base on Balls
Edgar Balerio to third
Vicente Castaneda to second
Batting: RHB Oscar McMillan 0-0: Foul Ball, location: 2F
0-1: Called Strike
0-2: Foul Ball, location: 2F
0-2: Ball
1-2: Fly out, F4 (Line Drive, 4)
Bottom of the 7th over - 5 run(s), 4 hit(s), 0 error(s), 3 left on base; Syracuse 4 - Put-In-Bay 7
TOP OF THE 8TH
Syracuse Storm batting - Pitching for Put-In-Bay BC : RHP Júlio Quintanilla
Pitching: RHP Tupac Blanch
Now at 2B: Jim Unknown
Batting: RHB Tsuginori Kobayashi 0-0: Ball
1-0: Ball
2-0: Called Strike
2-1: Foul Ball, location: 2F
2-2: Ball
3-2: Strikes out swinging
Batting: RHB José Colón 0-0: Ball
1-0: Ball
2-0: Ball
3-0: Base on Balls
Pitching: RHP Esteban Ramos
Batting: LHB Jim Unknown 0-0: SINGLE (Line Drive, 34)
José Colón to second
Batting: RHB Gordon Freeman 0-0: Foul Ball, location: 2F
0-1: Called Strike
0-2: SINGLE (Line Drive, 6D)
José Colón to third
Jim Unknown to second
Runner from 3rd tries for Home, SAFE, no throw
Batting: LHB William Duffy 0-0: Ball
1-0: Ball
2-0: Swinging Strike
2-1: Ball
3-1: Base on Balls
Jim Unknown to third
Gordon Freeman to second
Pinch Hitting: LHB King Randell 0-0: Ball
1-0: Ball
2-0: Called Strike
2-1: Foul Ball, location: 2F
2-2: Ball
3-2: Foul Ball, location: 2F
3-2: Base on Balls
Jim Unknown scores
Gordon Freeman to third
William Duffy to second
Batting: RHB Jim Unknown 0-0: Called Strike
0-1: Foul Ball, location: 2F
0-2: Strikes out swinging
Batting: RHB Scotty Smalls 0-0: Called Strike
0-1: Foul Ball, location: 2F
0-2: Strikes out looking
Top of the 8th over - 2 run(s), 2 hit(s), 0 error(s), 3 left on base; Syracuse 6 - Put-In-Bay 7
BOTTOM OF THE 8TH
Put-In-Bay BC batting - Pitching for Syracuse Storm : RHP Raúl Díaz
Now at 3B: Jim Unknown
Batting: SHB Júlio Pérez 0-0: Ball
1-0: Ball
2-0: Ball
3-0: Called Strike
3-1: Base on Balls
Batting: RHB Jim Unknown 0-0: Sac Bunt - play at first, batter OUT! 1-4
Júlio Pérez to second
Batting: RHB Alan McLennan 0-0: Intentional Walk
Batting: SHB Eugene Clutch 0-0: Called Strike
Throwing error on steal attempt, E2
Júlio Pérez scores
Alan McLennan to third
0-1: Ball
1-1: Ground out 5-3 (Groundball, 5L)
Batting: RHB Edgar Balerio 0-0: Ball
1-0: DOUBLE (Line Drive, 78M)
Alan McLennan scores
Batting: LHB Vicente Castaneda 0-0: Ball
1-0: Ground out 6-3 (Groundball, 6)
Bottom of the 8th over - 2 run(s), 1 hit(s), 1 error(s), 1 left on base; Syracuse 6 - Put-In-Bay 9
TOP OF THE 9TH
Syracuse Storm batting - Pitching for Put-In-Bay BC : RHP Esteban Ramos
Pitching: RHP Félix Santiago
Batting: RHB Vince Staples 0-0: Ball
1-0: Swinging Strike
1-1: Swinging Strike
1-2: Strikes out looking
Batting: RHB Tsuginori Kobayashi 0-0: Ground out 5-3 (Groundball, 56)
Batting: RHB José Colón 0-0: Ball
1-0: SINGLE (Line Drive, 3D)
Batting: LHB Jim Unknown 0-0: Ball
1-0: Foul Ball, location: 2F
1-1: Ball
2-1: Fielders Choice at 2nd, 6-4 (Groundball, 6)
Top of the 9th over - 0 run(s), 1 hit(s), 0 error(s), 0 left on base; Syracuse 6 - Put-In-Bay 9
Saturday, May 26th, 2018 - OOTP Baseball 17.12 Build 75